[Event "10th Iberoamericano-ch 2024"]
[Site "Linares"]
[Date "2024.09.25"]
[Round "1.9"]
[White "Gines Esteo, Pedro Antonio"]
[Black "Rocha, Maximiliano"]
[Result "1-0"]
[ECO "D31"]
[WhiteElo "2477"]
[BlackElo "2156"]
[Annotator "TA"]
[PlyCount "79"]
[EventDate "2024.09.25"]
[EventType "swiss"]
[EventCountry "ESP"]
[SourceTitle "playchess.com"]
[Source "ChessBase"]
[SourceQuality "1"]
[TimeControl "5400+30"]

1. d4 d5 2. c4 e6 3. Nc3 h6 4. Nf3 Nf6 5. g3 Nc6 6. Bg2 Bd6 7. O-O O-O 8. Qd3 {[%emt 0:22:25] White is slightly better.} dxc4 9. Qxc4 e5 10. dxe5 Nxe5 11. Nxe5 Bxe5 12. Bf4 Be6 13. Qb5 Bxf4 14. gxf4 Rb8 15. f5 Bd7 16. Qc5 Qc8 {[%emt 0:00:16] [#]} (16... b6 $11 17. Qe5 Re8) 17. e4 $1 $16 Bc6 18. b4 Re8 19. Rfe1 Nd7 20. Qe3 {[%emt 0:02:13][%cal Ob4b5] b5! would now be deadly.} b6 (20... b5 $14) 21. Rac1 a6 22. Qg3 Qd8 (22... Kh8 $16 {is a better defense.} 23. Re3 Ne5) 23. f4 Kh8 24. e5 {[%emt 0:02:23] Inhibits Nf6.} Bxg2 25. Kxg2 ({Resist} 25. Qxg2 $6 Qh4 $16) 25... Nf8 26. Rcd1 {[%emt 0:01:58] Against Qd7} (26. Rg1 $142) 26... Qc8 27. Qh3 {[%emt 0:00:30] White is much more active.} Nh7 28. Ne4 Qb7 29. Qf3 $36 {[%emt 0:00:18][%mdl 2048] White is on the roll.} Rbd8 {[%emt 0:02:30] [#] Wards off Rd7} 30. Ng5 $1 c6 (30... Qxf3+ $16 31. Nxf3 Nf8) 31. Ne4 $18 {[%emt 0:00:16] Threatens to win with Nd6.} Qc7 32. Nd6 Rf8 33. Re3 f6 34. Red3 fxe5 35. fxe5 Ng5 {[%emt 0:01:12] Prevents Nf7+} 36. Qg4 {[%emt 0:00:23] h4 is the strong threat.} c5 $2 (36... Rd7 37. h4 Nh7) 37. h4 {[%emt 0:00:15] White is clearly winning.} Qc6+ 38. Kh2 Nf3+ 39. Qxf3 Qxf3 40. Rxf3 {[%emt 0:00:07] Weighted Error Value: White=0.11 (very precise) /Black=0.38.  Mistake:       	White=1     	Black=5      Inaccurate:     	White=2     	Black=3      OK:         	White=10    	Black=10     Best:        	White=2     	Black=1      Strong:       	White=1     	---} 1-0

[Event "10th Iberoamericano-ch 2024"]
[Site "Linares"]
[Date "2024.09.25"]
[Round "1.10"]
[White "Galvan Cipriani, Viviana"]
[Black "Fernandez Guillen, Ernesto J."]
[Result "0-1"]
[ECO "A26"]
[WhiteElo "2141"]
[BlackElo "2463"]
[Annotator "TA"]
[PlyCount "148"]
[EventDate "2024.09.25"]
[EventType "swiss"]
[EventCountry "ESP"]
[SourceTitle "playchess.com"]
[Source "ChessBase"]
[SourceQuality "1"]
[TimeControl "5400+30"]

1. c4 e5 2. Nc3 Nc6 3. g3 g6 4. Bg2 Bg7 5. d3 d6 6. e4 h5 7. h4 Bg4 8. f3 Be6 9. Nge2 Qd7 {[%emt 0:03:14] White has an edge.} 10. Be3 Bh6 11. Qd2 Nd4 12. Bxh6 $1 $14 Nxh6 13. Nd5 O-O-O 14. Nxd4 exd4 15. Qa5 Kb8 16. Nf4 (16. Nf6 $5 Qe7 17. Qg5 $14) 16... f6 17. O-O-O ({Of course not} 17. Nxg6 Rhg8 18. Nf4 (18. Qxh5 Qg7 $17) 18... Rxg3) 17... Rdg8 18. Rde1 g5 19. hxg5 Rxg5 20. Qd2 Bf7 21. Ne2 c5 22. Qf4 Qe7 23. b3 Be8 24. Qd2 Rgg8 25. Bh3 {[%emt 0:00:47] Wards off f5} Nf7 26. f4 Nh6 27. Ref1 (27. b4 $15) 27... Ng4 (27... f5 $1 $17 {...Bc6 would now be deadly.} 28. exf5 Qf6 (28... Bc6 $2 29. Rh2 $19)) 28. Bxg4 $11 Rxg4 29. f5 $1 Rhg8 30. Rh2 b5 31. Rf4 R4g5 32. Kd1 Qb7 33. Ke1 Bc6 34. Rfh4 Be8 35. Kf2 Qc7 36. Qf4 (36. R2h3 $14 {is superior.}) 36... Qe7 37. R2h3 Qe5 38. Rh2 (38. Qf3 $16) 38... Kc7 39. R2h3 Kb6 ({Better is} 39... Kb8 $11) 40. Qd2 Bf7 41. Qf4 (41. a4 $14) 41... Re8 42. Qd2 (42. Qxe5 {simplifies} fxe5 43. g4 Rxg4 44. Rxg4 hxg4 45. Rh7) 42... Reg8 $1 43. Qf4 ({White should play} 43. a4 $14) 43... a5 44. Qd2 Qe8 45. Rh1 Qe5 46. R1h3 Be8 (46... Qe8 $11) 47. Nf4 $14 Bf7 48. Ne2 (48. Nxh5 $2 {too greedy.} Bxh5 49. Rf4 a4 $19) ({White should try} 48. a4 $16) 48... a4 49. Qd1 Re8 50. Qd2 axb3 51. axb3 Ra8 52. Rh1 Qe7 {[%emt 0:00:30] [#]} (52... Rgg8 $11 {keeps the balance.}) 53. Rb1 $1 $16 b4 {[%emt 0:00:48] [#]} 54. Rhh1 $1 Ra3 (54... Kb7 $1 $11 {remains equal.}) 55. Nf4 (55. Nxd4 $16 Qe5 56. Ne2) 55... Qa7 $11 56. Kf3 Ra2 57. Rb2 Ra1 {[%emt 0:00:22] Chess con chili.} 58. Rhb1 Rg8 59. Qe1 Ra3 60. Qh1 Rg5 61. Nh3 Rg8 62. Nf4 Qa8 63. Qh4 Rg5 64. Kf2 Qh8 65. Rh1 Qg7 {[%emt 0:00:02] Strongly threatening ...Rg4.} 66. Ne2 $2 {[%emt 0:00:42][%mdl 8192] Loses the game.} (66. Qh3 $11) 66... Rg4 $19 67. Qh2 Qg5 68. Rd1 Kc7 {[%emt 0:00:32] ...h4 is the strong threat.} 69. Kf1 h4 70. Qh3 hxg3 {[%emt 0:01:56] White must now prevent ...Rh4.} 71. Qh7 g2+ 72. Kg1 Qe3+ (72... Qh5 $2 73. Qxh5 Bxh5 74. Rdb1 $19) 73. Kh2 {[%emt 0:00:07] [#]} Qf2 $1 74. Qxf7+ (74. Rg1 Rh4+) 74... Kb6 {[%emt 0:00:08] Weighted Error Value: White=0.19 (very precise) /Black=0.20 (precise) .  Loses game:     	White=1     	---        Mistake:       	White=7     	Black=6      Inaccurate:     	White=8     	Black=10     OK:         	White=18    	Black=8      Best:        	White=1     	Black=2      Strong:       	White=4     	Black=1} 0-1

[Event "10th Iberoamericano-ch 2024"]
[Site "Linares"]
[Date "2024.09.25"]
[Round "1.11"]
[White "Flores Quillas, Diego Saul Rodri"]
[Black "Diaz Mino, Daniel"]
[Result "1-0"]
[ECO "B55"]
[WhiteElo "2451"]
[BlackElo "2130"]
[Annotator "RC"]
[PlyCount "65"]
[EventDate "2024.09.25"]
[EventType "swiss"]
[EventCountry "ESP"]
[SourceTitle "playchess.com"]
[Source "ChessBase"]
[SourceQuality "1"]
[TimeControl "5400+30"]

1. e4 c5 2. Nf3 d6 3. d4 cxd4 4. Nxd4 Nf6 5. f3 e5 6. Bb5+ Nbd7 7. Nb3 a6 8. Be2 Nc5 9. c4 Be6 10. Be3 Be7 11. Nc3 O-O 12. Qd2 Rc8 13. O-O Nfd7 14. Rab1 Nb6 15. Na5 Rb8 16. b4 Ncd7 17. Rbc1 f5 18. exf5 Bxf5 19. Rfd1 Nf6 20. c5 dxc5 21. Qxd8 Rfxd8 22. bxc5 Rxd1+ 23. Rxd1 Na8 24. Bc4+ Kf8 25. g4 Bg6 26. g5 Ne8 27. Nd5 Nec7 28. Nxc7 Nxc7 29. Rd7 Bd8 30. c6 bxc6 31. Nxc6 Rb1+ 32. Kg2 Rb2+ 33. Kg3 1-0

[Event "10th Iberoamericano-ch 2024"]
[Site "Linares"]
[Date "2024.09.25"]
[Round "1.12"]
[White "Donate Moreno, Silvia"]
[Black "Lopez Martinez, Josep Manuel"]
[Result "0-1"]
[ECO "C01"]
[WhiteElo "2126"]
[BlackElo "2448"]
[Annotator "TA"]
[PlyCount "104"]
[EventDate "2024.09.25"]
[EventType "swiss"]
[EventCountry "ESP"]
[SourceTitle "playchess.com"]
[Source "ChessBase"]
[SourceQuality "1"]
[TimeControl "5400+30"]

1. e4 e6 2. d4 d5 3. exd5 exd5 4. Bd3 Nc6 5. c3 Bd6 6. Qf3 Be6 7. Ne2 Qd7 8. h3 O-O-O 9. Be3 Nge7 10. Nd2 {[%emt 0:03:47] The position is equal.} Bf5 11. Bf4 Bxd3 12. Qxd3 h5 13. Nf3 f6 14. O-O-O Na5 15. Bxd6 Qxd6 16. Nh4 Nc4 17. Nf5 Nxf5 18. Qxf5+ Kb8 19. Nf4 h4 20. Rhe1 Qa6 21. Kb1 (21. Nxd5 $2 {is the wrong capture.} Qxa2 22. Re2 Qa1+ 23. Qb1 Qxb1+ 24. Kxb1 Rxd5 $19) 21... Qb5 22. b3 a5 23. Ka1 Nb6 {[%emt 0:00:21] [#]} (23... Na3 $11 {is superior.}) 24. c4 $1 $14 Qd7 25. Qxd7 Rxd7 26. c5 Nc8 $1 27. Re6 Ne7 28. Kb2 g5 29. Nd3 Rf8 30. f4 (30. Rde1 $14 Rf7 31. f4) 30... Nc6 $11 31. Kc3 Rg7 32. Rde1 g4 33. Re8+ Rxe8 34. Rxe8+ {[%emt 0:00:04][%mdl 4096] Endgame. KRN-KRN} Ka7 35. hxg4 {[%emt 0:01:27] White is now going downhill.} (35. a3 $11) 35... Rxg4 $17 36. Rh8 Rxg2 37. Rxh4 Rxa2 {[%emt 0:00:18] Black is more active.} 38. Rh7 {[%emt 0:00:43] [#]} (38. Rh5 $142) 38... Rg2 $1 $19 39. b4 axb4+ 40. Nxb4 Nxb4 41. Kxb4 {[%emt 0:00:05] [#] KR-KR} c6 42. Rh6 $2 (42. Kc3) 42... Rc2 {[%emt 0:00:14] aiming for ...Rc4+.} 43. Rxf6 Rc4+ 44. Kb3 Rxd4 {[%emt 0:00:04] White must now prevent ...Rc4.} 45. Rf8 $2 (45. Kc3 Rc4+ 46. Kd3) 45... Ka6 {[%emt 0:01:54] Black is clearly winning.} 46. Rf7 Rc4 47. f5 Rxc5 48. Rd7 Rc1 49. f6 Rf1 50. f7 b5 51. Kc3 Kb6 52. Kd4 Rf5 {[%emt 0:01:23] Weighted Error Value: White=0.56/Black=0.18 (very precise) .  Mistake:       	White=5     	Black=1      Inaccurate:     	White=2     	Black=1      OK:         	White=12    	Black=17     Best:        	White=1     	Black=5      Strong:       	---       	Black=2} 0-1

[Event "10th Iberoamericano-ch 2024"]
[Site "Linares"]
[Date "2024.09.25"]
[Round "1.13"]
[White "Garrido Outon, Alex"]
[Black "Gomez Carreno, Martin"]
[Result "1-0"]
[ECO "C48"]
[WhiteElo "2448"]
[BlackElo "2124"]
[Annotator "TA"]
[PlyCount "97"]
[EventDate "2024.09.25"]
[EventType "swiss"]
[EventCountry "ESP"]
[SourceTitle "playchess.com"]
[Source "ChessBase"]
[SourceQuality "1"]
[TimeControl "5400+30"]

1. e4 e5 2. Nf3 Nc6 3. Nc3 Nf6 4. Bb5 Nd4 5. O-O c6 6. Bd3 Nxf3+ 7. Qxf3 d6 8. Be2 {[%emt 0:00:28] The position is equal.} Bg4 9. Qe3 Qb6 10. Bxg4 {[%emt 0:07:45] [#] Hoping for Bf3.} Qxe3 11. fxe3 Nxg4 12. b3 Be7 13. Bb2 O-O 14. Ne2 Rad8 15. h3 Nf6 16. d3 Rfe8 17. Ng3 g6 18. Rf3 Nd7 19. Raf1 f6 20. c4 Bf8 21. Rd1 Bg7 22. Ne2 Nc5 23. Nc3 Ne6 24. g4 Nc7 25. Kg2 d5 26. exd5 cxd5 27. Rdf1 Re6 28. R1f2 e4 29. dxe4 dxe4 30. Rf4 Bh6 31. Rxe4 {[%emt 0:00:50][%cal Oc3d5] Nd5! is the strong threat.} Bxe3 32. Re2 Rd3 33. Rxe6 Nxe6 34. Nd5 Nf4+ 35. Nxf4 Bxf4 36. Bxf6 $14 {[%emt 0:00:14][%mdl 4096] Endgame. Re7 would now be deadly. KRB-KRB} Rg3+ {[%emt 0:00:07] [#]} (36... Kf7 $14 37. Bh4 Bd6) 37. Kf2 $1 $16 {[%emt 0:00:48][%cal Of6g5] aiming for Bg5!} Rxh3 38. Re7 g5 (38... b6 $16 39. Rxa7 h5 40. Rg7+ Kf8) 39. Rxb7 $18 Rh2+ $2 (39... a5 {was necessary.} 40. Ra7 h6) 40. Kf3 Rxa2 41. Rg7+ Kf8 42. Rxh7 a5 43. Ra7 Rd2 44. Ke4 {[%emt 0:02:22] Dodges Rd3} Rg2 (44... Rd1 $142 45. Rxa5 Kf7 46. Bxg5 Bc1) 45. Kf5 {[%emt 0:00:30][%cal Oc4c5] White wants to mate with c5!} Rg3 46. Rb7 Bd2 47. Kg6 Bf4 48. Bxg5 (48. c5 $142 Re3 49. c6 (49. Bxg5 Bxg5 50. Kxg5 Ke8 $18) 49... Be5 50. Bxe5 (50. Bxg5 Rc3 $18) 50... Rxe5 51. Kf6 Re8 52. c7 (52. Kxg5 Rc8 $18) 52... Rc8 53. Rb8 (53. Kxg5 Ke7 $18)) 48... Rxg4 49. Rf7+ {[%emt 0:00:06] Weighted Error Value: White=0.08 (flawless) /Black=0.57.  Mistake:       	---       	Black=4      Inaccurate:     	White=2     	Black=5      OK:         	White=13    	Black=10     Best:        	White=5     	Black=3      Strong:       	White=1     	---} 1-0

[Event "10th Iberoamericano-ch 2024"]
[Site "Linares"]
[Date "2024.09.25"]
[Round "1.14"]
[White "Maldonado Mena, German"]
[Black "Oro, Faustino"]
[Result "0-1"]
[ECO "D37"]
[WhiteElo "2123"]
[BlackElo "2434"]
[Annotator "TA"]
[PlyCount "38"]
[EventDate "2024.09.25"]
[EventType "swiss"]
[EventCountry "ESP"]
[SourceTitle "playchess.com"]
[Source "ChessBase"]
[SourceQuality "1"]
[TimeControl "5400+30"]

1. d4 d5 2. c4 e6 3. Nf3 Nf6 4. Nc3 dxc4 5. e3 a6 6. a4 b6 7. Bxc4 Bb7 8. O-O Bb4 {[%emt 0:00:42] The position is equal.} 9. Ne5 O-O 10. f3 Bd6 11. Nd3 Nc6 12. e4 {[%emt 0:06:09] [#]} (12. b3 $11 {keeps the balance.}) 12... Be7 $1 $17 (12... Nxd4 13. e5 $16) 13. d5 Na5 14. Ba2 exd5 15. b4 $2 {[%emt 0:00:28] Now White is beyond hope.} (15. e5 $17 Ne8 16. b4) 15... dxe4 $19 16. Ne5 (16. Nf2 $142 Nc6 (16... Bxb4 17. Nfxe4 Nxe4 18. Nxe4 $17) 17. Nfxe4) 16... Bxb4 {[%emt 0:00:33] Black is winning.} 17. Qxd8 Raxd8 (17... Rfxd8 18. Nxe4 Bd5 19. Nxf6+ gxf6 20. Ng4 Bc5+ 21. Be3 Bxe3+ 22. Nxe3 $17) 18. Nxe4 Bxe4 19. fxe4 Bc3 {[%emt 0:00:11] Weighted Error Value: White=0.47/Black=0.05 (flawless) .  Loses game:     	White=1     	---        Mistake:       	White=2     	---        Inaccurate:     	White=1     	Black=1      OK:         	White=3     	Black=5      Best:        	---       	Black=1      Strong:       	---       	Black=1} ({Not} 19... Nxe4 20. Be3 Nf6 21. Rfd1 $19) 0-1

[Event "10th Iberoamericano-ch 2024"]
[Site "Linares"]
[Date "2024.09.25"]
[Round "1.15"]
[White "Rodriguez Vila, Andres"]
[Black "Pastor Carvajal, Jeigoth"]
[Result "1-0"]
[ECO "A02"]
[WhiteElo "2417"]
[BlackElo "2120"]
[Annotator "TA"]
[PlyCount "107"]
[EventDate "2024.09.25"]
[EventType "swiss"]
[EventCountry "ESP"]
[SourceTitle "playchess.com"]
[Source "ChessBase"]
[SourceQuality "1"]
[TimeControl "5400+30"]

1. f4 Nh6 2. Nf3 d5 3. g3 c5 4. Bg2 e6 5. O-O Nc6 6. e3 $146 {[%emt 0:03:20] A02: Bird's Opening.} ({Predecessor:} 6. d3 Be7 7. e4 dxe4 8. dxe4 O-O 9. h3 f6 10. c3 Nf7 11. Be3 Qc7 12. Na3 {½-½ Montigel,P (1961)-Thieme,S (1978) Oberliga Wuerttemberg 0203 2002 (2)}) 6... Be7 7. d4 Nf5 8. c3 h5 9. Qe2 b6 10. Ne5 Nxe5 11. fxe5 Bb7 12. a4 Qd7 13. a5 b5 (13... h4 $5 14. g4 h3 15. gxf5 hxg2 $17) 14. a6 Bc6 15. Bd2 (15. Rf2 $15) 15... b4 $1 $17 16. Rf2 Rb8 17. Be1 Bb5 18. Qf3 Rb6 (18... g5 $142 {aiming for ...g4.} 19. h3 Qc7) 19. Bf1 Bxf1 20. Rxf1 Qc6 21. Qe2 (21. c4 $142 Nh6 (21... dxc4 22. d5 $15) (21... cxd4 22. cxd5 Qc2 23. d6 $17) 22. cxd5 exd5 (22... Qxd5 23. Qxd5 exd5 24. Ra5 $11) 23. Nd2) 21... Qb5 22. Qxb5+ Rxb5 23. Bf2 cxd4 24. cxd4 Kd7 25. Nd2 Bg5 (25... Rc8 $17 {Strongly threatening ...Rc2.} 26. Nb3 Rc2) 26. Nb3 Nxe3 (26... Bxe3 $2 27. Bxe3 Rb6 28. Rxf5 exf5 29. Ra5 $18) 27. h4 Bh6 $1 (27... Nxf1 28. hxg5 $14) 28. Bxe3 $1 Bxe3+ 29. Kg2 Ke7 30. Rf3 Bh6 31. Raf1 Rf8 32. R1f2 $1 f5 33. Rc2 Rd8 34. Rff2 Kd7 $1 35. Nc5+ Ke7 36. Nb7 Rd7 {[%emt 0:03:34] [#]} (36... Be3 $1 $11 {keeps the balance.}) 37. Kf3 $1 $16 Rb6 (37... b3 $16 {was called for.} 38. Rc6 Rbxb7 39. axb7 Rxb7) 38. Rc8 $18 Rbxb7 39. axb7 Rxb7 40. Rfc2 Kd7 (40... b3 $142 41. R2c5 (41. R2c7+ Rxc7 42. Rxc7+ Kd8 $11) 41... Kf7) 41. Ra8 b3 42. Rc5 Bd2 {[%emt 0:00:29] [#]} (42... Ke7 $142 43. Rac8 Kf7) 43. Rg8 $1 $18 Bh6 44. Rf8 Rb4 $2 (44... Ke7 45. Rfc8 Kf7 46. R8c7+ Rxc7 47. Rxc7+ Ke8) 45. Rf7+ $18 Kd8 46. Rfc7 Ke8 $2 (46... Rc4 47. Rxc4 (47. Rxa7 Rxc5 48. dxc5 g5 $18) 47... dxc4 48. Rxc4 a5) 47. Rxa7 $18 Rb8 48. Rac7 Rb4 49. Ra5 Kd8 50. Raa7 Rxd4 51. Rf7 Rd3+ 52. Kg2 Rd2+ 53. Kh3 g5 54. Ra8# 1-0

[Event "10th Iberoamericano-ch 2024"]
[Site "Linares"]
[Date "2024.09.25"]
[Round "1.16"]
[White "Atienza Alvarez, Javier"]
[Black "Garcia Ramos, Daniel"]
[Result "0-1"]
[ECO "E11"]
[WhiteElo "2119"]
[BlackElo "2415"]
[Annotator "TA"]
[PlyCount "62"]
[EventDate "2024.09.25"]
[EventType "swiss"]
[EventCountry "ESP"]
[SourceTitle "playchess.com"]
[Source "ChessBase"]
[SourceQuality "1"]
[TimeControl "5400+30"]

1. d4 Nf6 2. c4 e6 3. Nf3 d5 4. g3 Bb4+ 5. Bd2 Be7 6. Bg2 O-O 7. O-O c6 8. b3 Nbd7 9. Bc3 b6 10. Nbd2 Bb7 11. Qc2 c5 12. dxc5 Bxc5 13. Rfd1 Qe7 14. a3 {[%emt 0:09:33] The position is equal.} Rac8 (14... Bxa3 15. Rxa3 Qxa3 16. b4 $14) 15. Qb2 dxc4 16. Nxc4 Rfd8 17. e3 b5 18. Na5 Be4 19. Nd4 {[%emt 0:02:57] And now Bxe4 would win.} Bxd4 20. Bxd4 (20. Rxd4 $11 Nc5 21. Bb4) 20... Rc2 21. Qb1 {[%emt 0:12:18] Strongly threatening Bxe4.} Rdc8 $36 {[%emt 0:00:06][%mdl 2048] ...e5 is the strong threat. Black has some pressure.} 22. Bxe4 Nxe4 23. Nc4 {[%emt 0:00:49] [#]} Nxf2 $1 {[%emt 0:01:54] aiming for ...Nh3+. Black is much more active. Excellent horsemanship.} 24. Qxc2 Nxd1 25. Qxd1 ({Better is} 25. Rxd1 $15 bxc4 26. bxc4) 25... bxc4 $17 26. bxc4 {[%emt 0:00:05] [#]} e5 $1 ({Resist} 26... Rxc4 27. Bxa7 e5 28. Rc1 Rxc1 29. Qxc1 $15) 27. Bxa7 {[%emt 0:02:27] [#] Loses the game.} (27. Bb2 $17) 27... Ra8 $1 $19 ({Inferior is} 27... Rxc4 28. Rc1 Rxc1 29. Qxc1 $11) 28. Qa4 Nb6 29. Qb4 Qxa7 30. Rb1 Nd7 31. Qe7 (31. Qc3 $19) 31... Qxe3+ {[%emt 0:00:13] Weighted Error Value: White=0.63/Black=0.02 (flawless) .  Loses game:     	White=1     	---        Mistake:       	White=3     	---        OK:         	White=3     	Black=7      Best:        	White=1     	Black=4      Strong:       	---       	Black=3} 0-1

[Event "10th Iberoamericano-ch 2024"]
[Site "Linares"]
[Date "2024.09.25"]
[Round "1.17"]
[White "Merario Alarcon, Andres"]
[Black "Ontanon Gomez, Pablo"]
[Result "1-0"]
[ECO "A55"]
[WhiteElo "2408"]
[BlackElo "2118"]
[Annotator "TA"]
[PlyCount "87"]
[EventDate "2024.09.25"]
[EventType "swiss"]
[EventCountry "ESP"]
[SourceTitle "playchess.com"]
[Source "ChessBase"]
[SourceQuality "1"]
[TimeControl "5400+30"]

1. d4 Nf6 2. c4 d6 3. Nc3 e5 4. Nf3 Nbd7 5. e4 g6 6. Be3 Bg7 7. h3 O-O 8. Bd3 b6 9. O-O exd4 10. Nxd4 {[%emt 0:00:47] The position is equal.} Bb7 11. Bc2 Nc5 12. f3 Qe7 13. Qd2 Nfd7 14. Rfe1 Ne5 15. b3 a5 (15... Ne6 $14 {is superior.}) 16. a4 (16. Rad1 $16) 16... Nc6 $14 17. Nd5 Qd7 {[%emt 0:04:06] [#]} 18. Nb5 $1 {[%emt 0:08:30][%cal Ob5c7,Bd4b5,Bb5a3,Ba3c4][%mdl 32] aiming for Nbxc7!} Nb4 (18... Na6 19. Rad1) 19. Rad1 Bxd5 20. cxd5 Rac8 21. Na3 Na2 22. Qf2 Qe7 23. Nc4 Nb4 24. Kh1 Ra8 25. Bc1 Na2 26. Ba3 Nc3 27. Rc1 Na2 {A dynamic duo of knights.} 28. Rcd1 Nc3 29. Rd2 Bh6 {[#]} (29... Rfd8 $14) 30. Bxc5 $1 bxc5 31. Rd3 Na2 32. f4 Nb4 33. Rf3 Rfe8 34. e5 $1 $36 {[%mdl 2048] White is more active.} Nxd5 $2 {Black cannot hold the game after this.} (34... Bg7 $14) 35. Be4 $18 Nb6 {Black is weak on the light squares} 36. Bxa8 Nxa8 37. Rd3 ({Don't do} 37. Nxa5 Nb6 38. Nb7 (38. Nc6 Qd7 $18) 38... Nd7 $18) 37... Nb6 38. Nxb6 ({Don't take} 38. Nxa5 Bf8 39. Qf3 (39. Nc6 Qd7 $18) 39... Qe6 $18) 38... cxb6 39. Rxd6 Qc7 40. Red1 Bf8 41. Rd7 Qc6 42. Qc2 Qe6 43. Qc4 Qf5 44. g4 {Weighted Error Value: White=0.12 (very precise) /Black=0.32.  Loses game:     	---       	Black=1      Mistake:       	White=1     	Black=2      Inaccurate:     	White=4     	Black=3      OK:         	White=17    	Black=11     Best:        	White=1     	Black=1      Strong:       	White=1     	---} 1-0

[Event "10th Iberoamericano-ch 2024"]
[Site "Linares"]
[Date "2024.09.25"]
[Round "1.18"]
[White "Suarez Gomez, Paula"]
[Black "Zambrana, Osvaldo"]
[Result "0-1"]
[ECO "B33"]
[WhiteElo "2111"]
[BlackElo "2405"]
[Annotator "TA"]
[PlyCount "64"]
[EventDate "2024.09.25"]
[EventType "swiss"]
[EventCountry "ESP"]
[SourceTitle "playchess.com"]
[Source "ChessBase"]
[SourceQuality "1"]
[TimeControl "5400+30"]

1. e4 c5 2. Nf3 Nc6 3. d4 cxd4 4. Nxd4 Nf6 5. Nc3 e5 6. Ndb5 d6 7. Bg5 a6 8. Na3 b5 9. Nd5 Be7 10. Bxf6 Bxf6 11. c4 b4 12. Nc2 O-O 13. Qf3 Bg5 {The position is equal.} 14. g3 f5 15. h4 fxe4 16. Qxe4 Bf5 17. Qe2 Nd4 $36 {[%mdl 2048] Black has some pressure.} 18. Nxd4 exd4 19. Qh5 {[#]} Bh6 {A strong pair of Bishops.} (19... Qd7 $1 $17 20. hxg5 (20. Qxg5 $2 {is the wrong capture.} Rae8+ 21. Kd2 Qa4 $19) 20... Rae8+ 21. Be2 Bg6 (21... d3 22. Ne3 $15)) 20. Be2 $2 (20. f4 $1 $11 {and White stays safe.}) 20... d3 $19 21. Bf3 d2+ 22. Kf1 Ra7 23. Kg2 $2 (23. Rd1 Bg6 24. Qg4) 23... Raf7 24. Nf4 {Inhibits Bg6.} Bxf4 25. gxf4 Be6 26. Bd5 Qd7 27. Rad1 (27. Qe2 $142 Bxd5+ 28. cxd5 Rxf4 29. f3) 27... Bxd5+ 28. cxd5 Rxf4 {[#] ( -> ...Rg4+)} 29. Rxd2 Rg4+ {Black mates.} 30. Kf1 Qb5+ 31. Ke1 Qc4 32. Kd1 Qf4 {Weighted Error Value: White=0.83/Black=0.30.  Loses game:     	White=1     	---        Mistake:       	White=2     	Black=1      Inaccurate:     	White=4     	Black=1      OK:         	White=6     	Black=8      Best:        	White=2     	Black=2} 0-1

[Event "10th Iberoamericano-ch 2024"]
[Site "Linares"]
[Date "2024.09.25"]
[Round "1.19"]
[White "Matamoros Franco, Carlos S."]
[Black "Jimenez Fernandez, Rebeca"]
[Result "1-0"]
[ECO "A14"]
[WhiteElo "2404"]
[BlackElo "2097"]
[Annotator "TA"]
[PlyCount "69"]
[EventDate "2024.09.25"]
[EventType "swiss"]
[EventCountry "ESP"]
[SourceTitle "playchess.com"]
[Source "ChessBase"]
[SourceQuality "1"]
[TimeControl "5400+30"]

1. Nf3 d5 2. g3 Nf6 3. Bg2 e6 4. O-O Be7 5. c4 O-O 6. d3 b6 7. cxd5 Nxd5 8. d4 Bb7 {[%emt 0:02:04] White is slightly better.} 9. Re1 c5 10. e4 Nf6 11. Nc3 cxd4 12. Nxd4 Na6 13. Bf4 Qd7 (13... Bc5 $11 14. Ndb5 Qxd1 15. Raxd1 (15. Rexd1 Ng4 $11) 15... Ng4) 14. Ndb5 $16 Bc6 {[%emt 0:19:02] [#]} ({Better is} 14... Rfd8) 15. Qe2 $1 {[%emt 0:15:18] White is more active.} Bb4 (15... Nc5 $16 {keeps fighting.}) 16. Red1 $18 Qb7 17. Nd6 (17. Rac1 $18) 17... Bxd6 $16 18. Bxd6 Rfd8 {[%emt 0:00:41] [#]} 19. b4 $1 {[%emt 0:01:21] Prevents Nc5. b5 is the strong threat.} b5 ({Not} 19... Ne8 $2 20. b5 Nxd6 21. bxc6 Qxc6 22. Rac1 $18 (22. e5 Qxc3 23. exd6 Nc5 $18)) 20. a4 Nc7 21. Bxc7 Qxc7 22. axb5 Bb7 (22... Be8 $16 {might work better.} 23. e5 Rxd1+ 24. Rxd1 Rc8) 23. Na4 ({White should try} 23. Qe3 $18) 23... Rxd1+ 24. Rxd1 ({Much less strong is} 24. Qxd1 Bxe4 25. Bxe4 Nxe4 $14) 24... Rd8 25. Nc5 $36 {[%emt 0:00:17][%mdl 2048] White is on the roll.} Ba8 26. h3 Rb8 $2 {[%emt 0:00:33][%mdl 8192] Loses the game.} (26... h6 $16 27. Rd3 Rc8) 27. Qd3 $2 (27. Na6 Qb7 28. Nxb8 Qxb8 29. Qd3) 27... Qb6 28. Bf1 Rc8 29. Qd4 h6 30. Qe5 Rd8 $2 (30... Re8 31. Qd4 e5) 31. Na4 $18 Qb8 32. Qxb8 Rxb8 33. f3 Kf8 34. Nc5 Ke7 $2 (34... Ke8 35. Ra1 Bb7 36. Rxa7 Bc8) 35. Ra1 {[%emt 0:00:04] Weighted Error Value: White=0.25 (precise) /Black=0.33.  Loses game:     	---       	Black=1      Mistake:       	White=3     	Black=6      Inaccurate:     	---       	Black=1      OK:         	White=14    	Black=8      Best:        	White=2     	Black=3      Strong:       	White=2     	---} 1-0